 Dungeon Crawl Stone Soup version 0.25-a0-42-g6c54e25894 (webtiles) character file.

Game seed: 9446064645868190347, levelgen mode: deterministic

285506 Majang the Severer (level 21, -9/167 HPs)
             Began as a Formicid Fighter on Oct 22, 2019.
             Was the Champion of Cheibriados.
             Mangled by an ettin
             ... wielding a +0 dire flail
              (19 damage)
             ... on level 2 of the Vaults on Oct 23, 2019.
             The game lasted 04:32:58 (41114 turns).

Majang the Severer (Formicid Fighter)              Turns: 41114, Time: 04:32:59

Health: -9/167     AC: 31    Str: 46    XL:     21   Next: 49%
Magic:  9/31       EV: 22    Int: 35    God:    Cheibriados [******]
Gold:   1065       SH: 30    Dex: 30    Spells: 30/34 levels left

rFire    . . .     SeeInvis +   a - +10 battleaxe "Cuethuergh" {venom, Str+2 Int+6 SInv}
rCold    . . .     Gourm    .   q - +0 large shield
rNeg     + . .     Faith    .   r - +6 chain mail "Meshucan" {rN+}
rPois    +         Spirit   .   (helmet unavailable)
rElec    +         Reflect  +   E - scarf {repulsion}
rCorr    .         Harm     .   s - +1 pair of gloves of the Game of Kings {rElec rPois Slay-5 Stlth-}
MR       +++..                  N - +3 pair of boots of Silliol {Int+2 Dex+7 Stlth-}
Stlth    ..........             X - +4 amulet of reflection
HPRegen  0.37/turn              v - ring "Sykud" {MR+ Str+2 Dex-2} (curse)
MPRegen  0.22/turn              m - +5 ring of protection

@: marked, repel missiles, very slow
A: permanent stasis, dig shafts and tunnels, four strong arms, antennae 3
}: 2/15 runes: serpentine, barnacled
a: Dig, Shaft Self, Bend Time, Temporal Distortion, Slouch, Step From Time,
Renounce Religion


You were on level 2 of the Vaults.
You worshipped Cheibriados.
Cheibriados was exalted by your worship.
You were hungry.

You visited 7 branches of the dungeon, and saw 34 of its levels.
You also visited: Sewer, Gauntlet and Ice Cave.

You collected 4157 gold pieces.
You spent 3092 gold pieces at shops.

Inventory:

Hand Weapons
 a - the +10 battleaxe "Cuethuergh" (weapon) {venom, Str+2 Int+6 SInv}
   (You bought it in a shop on level 2 of the Orcish Mines)

   It poisons the flesh of those it strikes.
   It affects your strength (+2).
   It affects your intelligence (+6).
   It lets you see invisible.
 b - a +8 arbalest
 c - a +2 battleaxe of flaming
 V - the +8 Wrath of Trog {antimagic, *Rage}
   (You acquired it on level 11 of the Dungeon)

   It reduces the magical energy of the wielder, and disrupts the spells and
   magical abilities of those hit.
   Natural abilities and divine invocations are not affected.
   It may make you go berserk in combat.
Missiles
 o - 747 bolts
Armour
 q - a +0 large shield (worn)
 r - the +6 chain mail "Meshucan" (worn) {rN+}
   (You found it on level 2 of the Snake Pit)

   It protects you from negative energy.
 s - the +1 pair of gloves of the Game of Kings (worn) {rElec rPois Slay-5 Stlth-}
   (You found it in an ice cave)

   It affects your accuracy and damage with ranged weapons and melee attacks
   (-5).
   It insulates you from electricity.
   It protects you from poison.
   It makes you less stealthy.
 C - a +0 pair of boots of flying
 D - a scarf of cloud immunity
 E - a scarf of repulsion (worn)
 N - the +3 pair of boots of Silliol (worn) {Int+2 Dex+7 Stlth-}
   (You found it in a Gauntlet)

   It affects your intelligence (+2).
   It affects your dexterity (+7).
   It makes you less stealthy.
Jewellery
 i - an uncursed ring of positive energy
 m - a +5 ring of protection (right hand)
 p - an uncursed ring of protection from cold
 t - an uncursed ring of protection from fire
 v - the cursed ring "Sykud" (left hand) {MR+ Str+2 Dex-2}
   (You bought it in a shop on level 2 of the Shoals)

   [ring of dexterity]

   It affects your strength (+2).
   It affects your dexterity (-2).
   It affects your resistance to hostile enchantments.
   It has a curse placed upon it.
 B - an uncursed ring of magical power
 X - a +4 amulet of reflection (around neck)
Wands
 g - a wand of acid (13)
 h - a wand of digging (9)
 w - a wand of iceblast (23)
Scrolls
 f - 10 scrolls of identify
 j - 4 scrolls of magic mapping
 k - 2 scrolls of silence
 l - 16 scrolls of remove curse
 x - 4 scrolls of enchant armour
 K - 3 scrolls of fog
 R - 2 scrolls of fear
Potions
 d - 3 potions of mutation
 e - 10 potions of curing
 n - 3 potions of resistance
 z - 7 potions of heal wounds
 A - 2 potions of cancellation
 F - 3 potions of magic
 G - 3 potions of agility
 J - 9 potions of might
 L - 2 potions of ambrosia
 O - 3 potions of invisibility
Miscellaneous
 u - a sack of spiders
 I - a lightning rod (4/4)
Comestibles
 y - 62 rations


   Skills:
 + Level 14.9 Fighting
 * Level 18.4 Axes
 + Level 9.7 Crossbows
 + Level 14.1 Armour
 + Level 11.8 Dodging
 - Level 15.0 Shields
 - Level 7.0 Spellcasting
 - Level 10.0 Translocations
 - Level 10.1 Invocations


You had 30 spell levels left.
You knew the following spells:

 Your Spells              Type           Power        Failure   Level  Hunger
b - Lesser Beckoning      Tloc           ######....   1%          3    None
y - Apportation           Tloc           ######       1%          1    None

Your spell library contained the following spells:

 Spells                   Type           Power        Failure   Level  Hunger
 Shroud of Golubria       Chrm/Tloc      #####.       1%          2    None
 Gell's Gravitas          Tloc           ######....   1%          3    None
 Teleport Other           Tloc           ######..     1%          3    None
 Passage of Golubria      Tloc           N/A          1%          4    #......
 Portal Projectile        Hex/Tloc       #####.       2%          3    None
 Animate Skeleton         Necr           N/A          8%          1    None
 Beastly Appendage        Tmut           ##....       8%          1    None
 Confusing Touch          Hex            ##....       8%          1    None
 Corona                   Hex            ##.....      8%          1    None
 Flame Tongue             Conj/Fire      ##...        8%          1    None
 Magic Dart               Conj           ##..         8%          1    None
 Pain                     Necr           ##..         8%          1    None
 Summon Butterflies       Summ           ##......     8%          1    None
 Summon Small Mammal      Summ           ##..         8%          1    None
 Force Lance              Conj/Tloc      #####...     10%         4    #......
 Call Imp                 Summ           ##......     11%         2    None
 Searing Ray              Conj           ##....       11%         2    None
 Slow                     Hex            ##......     11%         2    None
 Sublimation of Blood     Necr           ##........   11%         2    None
 Call Canine Familiar     Summ           ##......     22%         3    None
 Confuse                  Hex            ##......     22%         3    None
 Conjure Flame            Conj/Fire      ##......     22%         3    None
 Dazzling Spray           Conj/Hex       ##....       22%         3    None
 Inner Flame              Hex/Fire       ##......     22%         3    None
 Mephitic Cloud           Conj/Pois/Air  ##......     22%         3    None
 Regeneration             Chrm/Necr      ##........   22%         3    None
 Summon Guardian Golem    Hex/Summ       ##......     22%         3    None
 Tukima's Dance           Hex            ##......     22%         3    None
 Vampiric Draining        Necr           ##........   22%         3    None
 Animate Dead             Necr           N/A          58%         4    #......
 Cause Fear               Hex            ##........   58%         4    #......
 Fulminant Prism          Conj/Hex       ##........   58%         4    #......
 Ice Form                 Ice/Tmut       ##......     58%         4    #......
 Iskenderun's Mystic Bla  Conj           ##......     58%         4    #......
 Leda's Liquefaction      Hex/Erth       ##........   58%         4    #......
 Petrify                  Tmut/Erth      ##......     58%         4    #......
 Summon Ice Beast         Ice/Summ       ##......     58%         4    #......
 Summon Lightning Spire   Summ/Air       ##......     58%         4    #......
 Alistair's Intoxication  Tmut/Pois      ##......     90%         5    ####...
 Bolt of Magma            Conj/Fire/Erth ##........   90%         5    ####...
 Iskenderun's Battlesphe  Conj/Chrm      ##......     90%         5    ####...
 Metabolic Englaciation   Hex/Ice        ##........   90%         5    ####...
 Venom Bolt               Conj/Pois      ##........   90%         5    ####...
 Yara's Violent Unravell  Hex/Tmut       ##........   90%         5    ####...
 Death Channel            Necr           ##........   100%        6    ######.
 Invisibility             Hex            ##......     100%        6    ######.
 Iron Shot                Conj/Erth      ##........   100%        6    ######.
 Dragon Form              Tmut           ##........   100%        7    #######
 Orb of Destruction       Conj           ##........   100%        7    #######
 Spellforged Servitor     Conj/Summ      ##........   100%        7    #######
 Blink                    Tloc           Unusable     N/A         2    N/A

Dungeon Overview and Level Annotations

Branches:
Dungeon (15/15)            Temple (1/1) D:7            Lair (6/6) D:11
 Shoals (4/4) Lair:2        Snake (4/4) Lair:4        Slime (0/5) Lair:6
    Orc (2/2) D:9             Elf (0/3) Orc:2        Vaults (2/5) D:14
  Crypt (0/3) Vaults:2     Depths (0/5) D:15          Sewer (visited)
  IceCv (visited)         Gauntlet (visited)

Altars:
Ashenzari
Cheibriados
Dithmenos
Elyvilon
Fedhas
Gozag
Hepliaklqana
Kikubaaqudgha
Makhleb
Nemelex Xobeh
Okawaru
Qazlal
Ru
Sif Muna
Trog
Uskayaw
Vehumet
Wu Jian
Xom
Yredelemnul
Zin
The Shining One
Beogh
Jiyva

Shops:
D:8 (([   D:12 [   D:13 }   D:15 =   Orc:1 *   Orc:2 [[(:*   Shoals:2 (*(
Shoals:4 !*?   Snake:2 :   Snake:3 [!!

Annotations:
Lair:6 exclusion: 3 oklob plants


Innate Abilities, Weirdness & Mutations

You cannot be hasted, slowed, berserked, paralysed or teleported.
You can dig through walls and to a lower floor.
Your four strong arms can wield two-handed weapons with a shield.
You have a pair of large antennae on your head. (SInv)


Message History

The arrow barely misses the deep elf archer.
The acid dragon spits acid at you. The splash of acid hits you.
You are splashed with acid!
* * * LOW HITPOINT WARNING * * *
The ironheart preserver misses you. You block the fire dragon's attack. x3
You block the ettin's attack. The ettin misses you.
The lich closely misses you.
You can feel time thicken for a moment.
You kill the acid dragon!
Cheibriados appreciates the change of pace.
You feel somewhat more hungry.
The deep elf archer shoots an arrow.
You reflect the arrow off an invisible shield around you!
The arrow misses the deep elf archer.
You block the ironheart preserver's attack.
The fire dragon completely misses you. You block the fire dragon's attack. x2
The lich touches you but does no damage.
The ettin hits you with a +0 dire flail!!
* * * LOW HITPOINT WARNING * * *
The ettin hits you with a +0 dire flail!!
You die...

##'## ^..# .# ...# .
)).# .# <..# ..# ...#
######'#### ...#
#)........# ...#
#(Lp)...).#
##############.C@).(..(#
.............#.D.......#
.............#.......e.#
.............+.......((#
.............###########
.............#
########.....# ########
...# #.....# #......#
...# #.....# #......#


You could see an ironheart preserver, a fire dragon, a lich, an ettin and a deep
elf archer.

Vanquished Creatures
  Nikola (Snake:3)
  An Ice Fiend (IceCv)
  5 nagarajas (Snake:4)
  7 vault wardens
  Louise (Snake:2)
  Aizul (Snake:4)
  4 ironheart preservers (Vaults:1)
  2 orc warlords (Orc:2)
  4 stone giants
  6 dire elephants (Lair:6)
  A minotaur (Gauntlet)
  Snorg (D:12)
  3 yaktaur captains
  A deep elf death mage (Vaults:2)
  5 merfolk impalers
  6 ogre magi
  8 vault guards
  An ice dragon (Vaults:1)
  16 naga warriors
  2 great orbs of eyes
  3 hydras
  The ghost of Ginaqo Dunu the Martial Artist, a journeyman DgTm (Lair:2)
  2 catoblepae (Shoals:2)
  6 centaur warriors
  13 anacondas
  3 merfolk avatars
  A death knight (Vaults:2)
  10 merfolk aquamancers
  Erica (Lair:1)
  14 two-headed ogres
  A vampire mage (Vaults:2)
  4 death yaks (Lair:3)
  A tengu warrior (D:12)
  16 naga sharpshooters
  8 shock serpents
  An orc high priest (Orc:2)
  Sonja (Lair:2)
  Nergalle (Lair:1)
  A fire crab (Gauntlet)
  5 salamander mystics (Snake:4)
  A shadow wraith (Vaults:2)
  3 unseen horrors
  6 ironbrand convokers
  15 sea snakes
  8 naga ritualists
  3 wizards
  An obsidian statue (D:9)
  3 deep elf archers (Vaults:1)
  A necromancer (Vaults:2)
  8 lindwurms
  12 harpies
  2 deep elf magi (Vaults:1)
  A harpy (shapeshifter) (Vaults:2)
  14 mana vipers
  2 wolf spiders
  A manticore (shapeshifter) (Vaults:1)
  18 manticores
  23 fauns
  6 orc knights
  12 salamanders
  5 orc sorcerers
  7 cyclopes
  4 centaur zombies
  14 merfolk sirens
  29 ugly things
  Maurice (D:8)
  13 elephants
  17 naga magi
  An ice statue (IceCv)
  9 vault sentinels
  5 water nymphs
  An apocalypse crab (Gauntlet)
  10 guardian serpents
  29 black mambas
  A gargoyle (D:14)
  6 spiny frogs
  2 rime drakes (Lair:5)
  2 kobold demonologists (D:15)
  2 yaktaurs
  A yaktaur (shapeshifter) (Vaults:1)
  A golden dragon simulacrum (IceCv)
  8 komodo dragons
  6 freezing wraiths
  3 anaconda simulacra (IceCv)
  4 ice devils (IceCv)
  12 trolls
  7 wind drakes
  A polar bear (Lair:4)
  14 merfolk
  A raiju (shapeshifter) (D:15)
  Grinder (D:3)
  12 blink frogs
  12 slime creatures
  12 snapping turtles
  9 dream sheep
  10 hippogriffs
  2 human simulacra
  5 dire elephant simulacra (IceCv)
  A yak (shapeshifter) (D:13)
  3 basilisks (Lair:2)
  6 fire bats (Gauntlet)
  6 wyverns
  3 shadows
  7 humans (D:14)
  11 water elementals
  9 yaks
  A death yak simulacrum (IceCv)
  A warg (shapeshifter) (D:10)
  4 hungry ghosts
  5 wargs
  2 soldier ants
  21 nagas
  2 harpy simulacra (IceCv)
  An iron troll simulacrum (IceCv)
  6 acid dragons
  14 water moccasins
  3 hydra simulacra (IceCv)
  A hell hound (Gauntlet)
  10 porcupines
  A hornet zombie (D:15)
  Purgy (Sewer)
  35 orc warriors
  4 black bears
  4 ice beasts
  2 sky beasts
  3 phantoms
  A black bear (shapeshifter) (D:15)
  An alligator simulacrum (IceCv)
  3 eyes of draining
  15 ogres
  4 boggarts (Vaults:2)
  7 wolves
  9 centaurs
  Blork the orc (Orc:2)
  7 crocodiles
  8 big kobolds
  20 bullfrogs
  3 wyvern zombies
  A wyvern skeleton (D:10)
  4 killer bees (D:10)
  5 scorpions
  9 wights
  3 electric eels
  5 howler monkeys
  11 crimson imps
  9 draconian simulacra (IceCv)
  A yaktaur simulacrum (Vaults:1)
  3 quasits
  10 hounds
  4 jellies
  5 bullfrog skeletons
  23 orc priests
  31 orc wizards
  Jessica (D:3)
  7 centaur skeletons
  5 iguanas
  A polar bear simulacrum (IceCv)
  A statue (D:5)
  4 troll simulacra (IceCv)
  7 worker ants
  A spriggan simulacrum (IceCv)
  A wolf simulacrum (IceCv)
  4 hound skeletons
  A worker ant zombie (D:8)
  Robin (D:3)
  4 gnolls (Orc:2)
  8 adders
  A howler monkey skeleton (D:5)
  3 naga simulacra (IceCv)
  2 shadow imps
  7 white imps (IceCv)
  An ufetubus (IceCv)
  2 oozes (D:2)
  3 adder zombies
  4 worms
  3 adder skeletons
  A dart slug (D:2)
  4 leopard geckos
  126 orcs
  3 ball pythons
  12 bats
  6 giant cockroaches
  20 goblins
  16 hobgoblins
  12 jackals
  30 kobolds
  5 quokkas
  10 frilled lizards
  A quokka zombie (D:5)
  7 rats
  A bush (Lair:3)
  3 fungi
  18 plants
1305 creatures vanquished.

Vanquished Creatures (others)
  A nagaraja (Snake:4)
  A stone giant (Vaults:2)
  A centaur warrior (Vaults:1)
  3 satyrs
  A naga sharpshooter (Snake:4)
  A sea snake (Snake:4)
  A mana viper (Snake:4)
  3 fauns
  5 yaktaurs
  A merfolk (Shoals:1)
  A human (D:14)
  A centaur (Shoals:1)
  A white imp (IceCv)
  4 ufetubi (IceCv)
  6 fungi
  25 plants
56 creatures vanquished.

Grand Total: 1361 creatures vanquished

Notes
Turn   | Place    | Note
-------+----------+-------------------------------------------
     0 | D:1      | Majang the Formicid Fighter began the quest for the Orb.
     0 | D:1      | Reached XP level 1. HP: 18/18 MP: 1/1
    76 | D:1      | Reached XP level 2. HP: 24/24 MP: 2/2
   457 | D:1      | Reached XP level 3. HP: 30/30 MP: 3/3
   470 | D:1      | Reached skill level 3 in Axes
   741 | D:1      | Found a snail-covered altar of Cheibriados.
  1101 | D:2      | Reached XP level 4. HP: 32/37 MP: 4/4
  1369 | D:2      | Found a sacrificial altar of Ru.
  1797 | D:3      | Reached skill level 4 in Axes
  1800 | D:3      | Noticed Robin
  1808 | D:3      | Reached XP level 5. HP: 26/42 MP: 5/5
  1811 | D:3      | Killed Robin
  1827 | D:3      | Noticed Jessica
  1934 | D:3      | Killed Jessica
  2106 | D:3      | Found a faded altar of an unknown god.
  2242 | D:3      | Found a glowing silver altar of Zin.
  2242 | D:3      | Found a glowing golden altar of the Shining One.
  2300 | D:3      | Noticed Grinder
  2305 | D:3      | Killed Grinder
  2305 | D:3      | Reached skill level 5 in Fighting
  2305 | D:3      | Reached skill level 5 in Axes
  2305 | D:3      | Reached XP level 6. HP: 36/51 MP: 6/6
  2523 | D:3      | Reached XP level 7. HP: 22/56 MP: 7/7
  2807 | D:4      | Reached skill level 6 in Axes
  3132 | D:4      | Got an iridescent hand axe
  3133 | D:4      | Identified the +3 hand axe "Saliurit" {freeze, rElec MP+9
                  | Int-3 Stlth+} (You found it on level 4 of the Dungeon)
  3158 | D:4      | Reached skill level 7 in Axes
  3192 | D:4      | Reached XP level 8. HP: 64/64 MP: 8/8
  3898 | D:5      | Entered Level 5 of the Dungeon
  4000 | D:5      | Reached skill level 1 in Dodging
  4016 | D:5      | Found a shimmering altar of Xom.
  4016 | D:5      | Found a shimmering altar of Xom.
  4016 | D:5      | Found a shimmering altar of Xom.
  4028 | D:5      | Found a shimmering altar of Xom.
  4028 | D:5      | Found a shimmering altar of Xom.
  4028 | D:5      | Found a shimmering altar of Xom.
  4030 | D:5      | Found a shimmering altar of Xom.
  4241 | D:5      | Reached skill level 8 in Axes
  4485 | D:5      | Reached XP level 9. HP: 71/71 MP: 9/9
  4667 | D:5      | Found a radiant altar of Vehumet.
  5033 | D:6      | Reached skill level 5 in Shields
  5068 | D:6      | Found a glowing drain.
  5095 | Sewer    | Entered a sewer
  5161 | Sewer    | Noticed Purgy
  5168 | Sewer    | Killed Purgy
  5286 | D:6      | Identified the Handbook of Unstable Sinister Arts
  5501 | D:7      | Noticed a troll
  5515 | D:7      | Killed a troll
  5527 | D:7      | Reached skill level 9 in Axes
  5527 | D:7      | Reached skill level 5 in Armour
  5824 | D:7      | Reached XP level 10. HP: 60/80 MP: 10/10
  6040 | D:7      | Found a bloodstained altar of Trog.
  6061 | D:7      | Found a staircase to the Ecumenical Temple.
  6070 | Temple   | Entered the Ecumenical Temple
  6085 | Temple   | Became a worshipper of Cheibriados the Contemplative
  6703 | D:8      | Reached skill level 1 in Invocations
  6778 | D:8      | Reached * piety under Cheibriados
  6812 | D:8      | Found Edo Sodaton's Antique Armour Boutique.
  6834 | D:8      | Found a stormy altar of Qazlal.
  6860 | D:8      | Found Cyshrice's Antique Weapon Emporium.
  6873 | D:8      | Found Leamuw's Weapon Shoppe.
  6877 | D:8      | Bought a +3 glaive of flaming for 373 gold pieces
  7097 | D:8      | Reached skill level 10 in Axes
  7214 | D:8      | Noticed Maurice
  7239 | D:8      | Killed Maurice
  7559 | D:8      | Reached ** piety under Cheibriados
  7617 | D:8      | Learned a level 1 spell: Apportation
  7683 | D:9      | Found a runed translucent door.
  7851 | D:8      | Reached *** piety under Cheibriados
  7902 | D:9      | Found a staircase to the Orcish Mines.
  7961 | D:9      | Reached skill level 1 in Spellcasting
  7961 | D:9      | Reached XP level 11. HP: 87/87 MP: 13/13
  8006 | D:9      | Noticed a manticore
  8011 | D:9      | Killed a manticore
  8011 | D:9      | Reached skill level 1 in Translocations
  8160 | D:9      | Found a runed translucent door.
  8185 | D:9      | Found a runed translucent door.
  8197 | D:9      | Found a runed translucent door.
  8202 | D:9      | Reached **** piety under Cheibriados
  8203 | D:9      | Noticed an obsidian statue
  8472 | D:10     | Entered Level 10 of the Dungeon
  8521 | D:10     | Noticed a centaur warrior
  8537 | D:10     | Killed a centaur warrior
  8596 | D:10     | Noticed an unseen horror
  8617 | D:10     | Killed an unseen horror
  8727 | D:10     | Reached skill level 5 in Dodging
  8922 | D:10     | Reached skill level 11 in Axes
  8950 | D:10     | Noticed an ogre mage
  8963 | D:10     | Killed an ogre mage
  8980 | D:10     | Noticed a wolf spider
  8990 | D:10     | Killed a wolf spider
  8990 | D:10     | Reached skill level 5 in Invocations
  9099 | D:10     | Reached ***** piety under Cheibriados
  9118 | D:10     | Reached XP level 12. HP: 94/95 MP: 16/16
  9239 | D:10     | Noticed a two-headed ogre
  9247 | D:10     | Killed a two-headed ogre
  9491 | D:10     | Noticed a two-headed ogre
  9496 | D:10     | Killed a two-headed ogre
  9673 | D:10     | Identified the +2 robe "Oxkeck" {+Fly}
 10027 | D:11     | Identified a scroll of acquirement
 10028 | D:11     | Found the +8 Wrath of Trog {antimagic, *Rage}
 10238 | D:11     | Noticed a five-headed hydra
 10247 | D:11     | Killed a two-headed hydra
 10326 | D:11     | Found a staircase to the Lair.
 10800 | Lair:1   | Entered Level 1 of the Lair of Beasts
 10845 | Lair:1   | Noticed Erica
 10856 | Lair:1   | Noticed Nergalle
 10861 | Lair:1   | Killed Erica
 10862 | Lair:1   | Reached XP level 13. HP: 85/103 MP: 1/19
 10864 | Lair:1   | Killed Nergalle
 10864 | Lair:1   | Reached skill level 12 in Axes
 11896 | Lair:2   | Reached skill level 10 in Fighting
 12019 | Lair:2   | Noticed Sonja
 12021 | Lair:2   | Killed Sonja
 12232 | Lair:2   | Reached skill level 5 in Spellcasting
 12439 | Lair:2   | Found a staircase to the Shoals.
 12450 | Lair:2   | Found a runed translucent door.
 12450 | Lair:2   | Noticed Ginaqo Dunu's ghost (journeyman DgTm)
 12463 | Lair:2   | Killed Ginaqo Dunu's ghost
 13012 | Lair:3   | Learned a level 3 spell: Lesser Beckoning
 13018 | Lair:3   | Got a warped jade ring
 13019 | Lair:3   | Identified the ring "Celyogg" {Ice rN+ MR- Dex+5} (You
                  | found it on level 3 of the Lair of Beasts)
 13270 | Lair:3   | Noticed a six-headed hydra
 13280 | Lair:3   | Killed a one-headed hydra
 13499 | Lair:3   | Reached skill level 5 in Translocations
 13626 | Lair:3   | Reached ****** piety under Cheibriados
 13868 | Lair:4   | Reached skill level 10 in Invocations
 13868 | Lair:4   | Reached XP level 14. HP: 111/111 MP: 8/24
 14079 | Lair:4   | Found a staircase to the Snake Pit.
 14368 | Lair:5   | Reached XP level 15. HP: 101/117 MP: 8/25
 14370 | Lair:5   | Reached skill level 10 in Shields
 14906 | Lair:5   | Reached skill level 13 in Axes
 15194 | Lair:6   | Entered Level 6 of the Lair of Beasts
 15776 | Lair:6   | Found a viscous altar of Jiyva.
 15776 | Lair:6   | Found a staircase to the Slime Pits.
 17429 | Orc:1    | Entered Level 1 of the Orcish Mines
 17484 | Orc:1    | Found Vofixkahyrgh's Assorted Antiques.
 17519 | Orc:1    | Bought a serpentine granite ring for 130 gold pieces
 17519 | Orc:1    | Identified the ring "Duranuesi" {+Fly rF- Str+7 Int+3
                  | Dex+2} (You bought it in a shop on level 1 of the Orcish
                  | Mines)
 17526 | Orc:1    | Bought a spiked plate armour for 728 gold pieces
 17536 | Orc:1    | Identified the cursed +1 plate armour of the Nexus {rC-
                  | Str+7 Slay+6} (You bought it in a shop on level 1 of the
                  | Orcish Mines)
 17687 | Orc:1    | Reached skill level 10 in Armour
 17860 | Orc:1    | Found a roughly hewn altar of Beogh.
 18413 | Orc:2    | Entered Level 2 of the Orcish Mines
 18518 | Orc:2    | Found a roughly hewn altar of Beogh.
 18631 | Orc:2    | Noticed an orc warlord
 18829 | Orc:2    | Found Diefis's Armour Boutique.
 18869 | Orc:2    | Bought a +2 plate armour of positive energy for 518 gold
                  | pieces
 18989 | Orc:2    | Found a staircase to the Elven Halls.
 19109 | Orc:2    | Noticed Blork the orc
 19136 | Orc:2    | Killed Blork the orc
 19376 | Orc:2    | Noticed an orc warlord
 19396 | Orc:2    | Killed an orc warlord
 19748 | Orc:2    | Found a roughly hewn altar of Beogh.
 19751 | Orc:2    | Found Birchiudgh's General Store.
 19823 | Orc:2    | Killed an orc warlord
 19823 | Orc:2    | Reached XP level 16. HP: 90/126 MP: 8/26
 19826 | Orc:2    | Reached skill level 14 in Axes
 20115 | Orc:2    | Found Daiciluh's Antique Armour Emporium.
 20121 | Orc:2    | Bought a large shield for 144 gold pieces
 20141 | Orc:2    | Found Buixzuve's Book Emporium.
 20156 | Orc:2    | Found Favvoaz's Antique Weapon Emporium.
 20164 | Orc:2    | Bought a hand crossbow for 73 gold pieces
 20508 | D:12     | Found a gate leading to a gauntlet.
 20517 | Gauntlet | Entered a Gauntlet
 20517 | Gauntlet | Found a transporter.
 20517 | Gauntlet | Found a transporter.
 20517 | Gauntlet | Found a transporter.
 20523 | Gauntlet | Found a transporter.
 20523 | Gauntlet | Found a transporter.
 20523 | Gauntlet | Found a transporter.
 20535 | Gauntlet | Found a transporter.
 20537 | Gauntlet | Found a transporter.
 20547 | Gauntlet | Found a transporter.
 20651 | Gauntlet | Found a transporter.
 20653 | Gauntlet | Found a transporter.
 20663 | Gauntlet | Found a transporter.
 20770 | Gauntlet | Got a pair of twisted boots
 20771 | Gauntlet | Identified the +3 pair of boots of Silliol {Int+2 Dex+7
                  | Stlth-} (You found it in a Gauntlet)
 20916 | Gauntlet | Reached skill level 1 in Crossbows
 21314 | D:12     | Found Mudwi Cer's Antique Armour Boutique.
 21485 | D:12     | Noticed Snorg
 21491 | D:12     | Killed Snorg
 21898 | Orc:2    | Bought an ancient battleaxe for 241 gold pieces
 21898 | Orc:2    | Identified the +10 battleaxe "Cuethuergh" {venom, Str+2
                  | Int+6 SInv} (You bought it in a shop on level 2 of the
                  | Orcish Mines)
 22071 | Snake:1  | Entered Level 1 of the Snake Pit
 22377 | Snake:1  | Found a frozen archway.
 22390 | IceCv    | Entered an ice cave
 22510 | IceCv    | Got a shimmering war axe
 22518 | IceCv    | Identified the +6 war axe "Xuurhud" {drain, rPois MP+9
                  | Str-3} (You found it in an ice cave)
 23005 | IceCv    | Noticed an Ice Fiend
 23029 | IceCv    | Killed an Ice Fiend
 23354 | IceCv    | Got a pair of scorched gloves
 23367 | IceCv    | Identified the +1 pair of gloves of the Game of Kings
                  | {rElec rPois Slay-5 Stlth-} (You found it in an ice cave)
 24386 | Snake:2  | Found Riwoip's Book Boutique.
 24400 | Snake:2  | Reached XP level 17. HP: 133/133 MP: 27/27
 24463 | Snake:2  | Got a shimmering chain mail
 24474 | Snake:2  | Identified the +6 chain mail "Meshucan" {rN+} (You found it
                  | on level 2 of the Snake Pit)
 24514 | Snake:2  | Noticed Louise
 24551 | Snake:2  | Killed Louise
 24888 | Snake:3  | Found Ocyegh's Antique Armour Shoppe.
 24888 | Snake:3  | Found Veub's Distillery.
 24891 | Snake:3  | Found Xugeecs's Distillery.
 24900 | Snake:3  | Bought a potion of might for 52 gold pieces
 24900 | Snake:3  | Bought a potion of heal wounds for 65 gold pieces
 24918 | Snake:3  | Reached skill level 15 in Axes
 25103 | Snake:3  | Found a basalt altar of Yredelemnul.
 25426 | Snake:4  | Entered Level 4 of the Snake Pit
 25440 | Snake:4  | Noticed Nikola
 25461 | Snake:3  | Killed Nikola
 26655 | Snake:4  | Reached skill level 5 in Crossbows
 27159 | Snake:4  | Noticed Aizul
 27168 | Snake:4  | Killed Aizul
 27599 | Snake:4  | Reached XP level 18. HP: 142/142 MP: 24/28
 28542 | Snake:4  | Reached skill level 16 in Axes
 28542 | Snake:4  | Reached skill level 10 in Dodging
 29034 | Snake:4  | Got a serpentine rune of Zot
 29411 | Shoals:1 | Entered Level 1 of the Shoals
 29967 | Shoals:1 | Reached XP level 19. HP: 109/150 MP: 23/29
 30869 | Shoals:2 | You fall into a shaft and drop 1 floor!
 31383 | Shoals:2 | Found Ragafudd's Assorted Antiques.
 31393 | Shoals:2 | Bought a pitted silver ring for 170 gold pieces
 31393 | Shoals:2 | Bought a potion of heal wounds for 170 gold pieces
 31393 | Shoals:2 | Bought a scroll of identify for 68 gold pieces
 31393 | Shoals:2 | Identified the cursed ring "Sykud" {MR+ Str+2 Dex-2} (You
                  | bought it in a shop on level 2 of the Shoals)
 31590 | Shoals:2 | Found Xepsab's Antique Weapon Shop.
 31602 | Shoals:2 | Found Egaxoeli's Weapon Emporium.
 32616 | Shoals:4 | Entered Level 4 of the Shoals
 32616 | Shoals:4 | Found Sehij's Magic Scroll Shop.
 32616 | Shoals:4 | Found Pisumipom's General Store.
 32656 | Shoals:4 | Found Ykkinyix's Antique Armour Shop.
 32657 | Shoals:4 | Found Qiezig Yseme's General Store.
 32837 | Shoals:4 | Found Gymonid's Distillery.
 32848 | Shoals:4 | Bought a potion of mutation for 160 gold pieces
 32848 | Shoals:4 | Bought a potion of heal wounds for 100 gold pieces
 32848 | Shoals:4 | Bought a potion of heal wounds for 100 gold pieces
 32861 | Shoals:4 | Reached skill level 17 in Axes
 33285 | Shoals:4 | Got a barnacled rune of Zot
 33573 | Shoals:4 | Reached skill level 10 in Translocations
 33900 | Shoals:4 | Reached XP level 20. HP: 154/158 MP: 27/30
 35738 | D:13     | Found Gonezymp's Gadget Boutique.
 35953 | D:13     | Identified the Disquisition on Malediction and the Blaze
 36108 | D:14     | Found a shadowy altar of Dithmenos.
 36887 | D:14     | Found a gate to the Vaults.
 36946 | D:15     | Entered Level 15 of the Dungeon
 37500 | D:15     | Found Daetwi Fyeh's Jewellery Emporium.
 37584 | D:15     | Found a glowing golden altar of the Shining One.
 37883 | D:15     | Found a staircase to the Depths.
 38485 | Vaults:1 | Entered Level 1 of the Vaults
 39530 | Vaults:1 | Reached skill level 18 in Axes
 39620 | Vaults:1 | Reached XP level 21. HP: 166/166 MP: 27/31
 40123 | Vaults:2 | Reached skill level 15 in Shields
 40142 | Vaults:2 | Found a staircase to the Crypt.
 41114 | Vaults:2 | Mangled by an ettin

Levels and vault maps discovered:
D:1:      sevenhm_arrival_forest_fort_small_6, layout_basic
D:2:      layout_loops_cross, nicolae_ru_the_path_less_chosen
D:3:      layout_rooms, gammafunk_temple_overflow_elements, first_ration,
          chequers_ecumenical_altar_simple_redux, uniq_robin, uniq_grinder,
          uniq_jessica
D:4:      layout_cave_pods, serial_bayou_lake_a
D:5:      layout_basic, vehumet_statue, nicolae_xom_altar_mimics
D:6:      layout_rooms, portal_sewer_entry_b
D:7:      layout_loops_cross, kennysheep_little_box, temple_doors_e
D:8:      layout_gridville, old_standard_altar, serial_shops,
          nicolae_shop_trees, shop, shop, uniq_maurice
D:9:      layout_rooms, hiddenorc2_lemuel, minmay_statue_crystal_thing
D:10:     minmay_the_grid_octo_2x2 [minmay_the_grid_octo_77,
          minmay_the_grid_octo_checkerflower, minmay_the_grid_octo_focus,
          minmay_the_grid_octo_prize_star], layout_stronghold
D:11:     layout_roguey, grunt_lair_entry_orc_guard_hut, serial_bayou_pond_d
D:12:     layout_cave_pools, gauntlet_entry_generic, serial_shops,
          nicolae_shop_behind_doors, grunt_tengu_nest, uniq_snorg
D:13:     layout_loops_ring, serial_shops, kennysheep_mini_moat,
          hangedman_abyss_or_decor_stabs, minmay_lindwurm_lava
D:14:     layout_roguey, ximxim_vaults_locker_room,
          grunt_dithmenos_smoke_and_mirrors
D:15:     grunt_enter_depths_magical_seal, layout_loops_ring, serial_shops,
          shop, nicolae_tso_swordbearing_angel, st_stairs_8, lemuel_old_faithful
Temple:   eino_temple_scatter_basement
Lair:1:   layout_long_grid, uniq_nergalle, uniq_erica
Lair:2:   layout_cave_pods, minmay_shoals_entry_beasts, gammafunk_ghost_grave,
          cheibrodos_lair_caveside_slide, lemuel_fruit_tree, uniq_sonja
Lair:3:   layout_cave_pods, grunt_megastairs_1
Lair:4:   layout_misc_corridors, dummy_snake_entry, grunt_megastairs_2
Lair:5:   layout_gridlike, serial_bayou_shore_a
Lair:6:   due_jungle_book, layout_gridlike, slime_altar_1,
          chequers_serial_rivers_small_3, disabler_island
Shoals:1: layout_shoals, hangedman_shoals_cup_caves
Shoals:2: nzn_motion_control, layout_shoals, serial_shops,
          nicolae_shop_window_shopping,
          nicolae_shop_temple_entry_statues_fountains, nicolae_shoals_c_island
Shoals:3: layout_shoals
Shoals:4: shoals_end_simple, layout_shoals, serial_shops, shop, shop,
          nicolae_shop_trees, nicolae_shop_window_shopping, shop
Snake:1:  layout_cave_pods, portal_ice_cave_entry_pillars_four
Snake:2:  layout_misc_corridors, serial_shops, shop, uniq_louise
Snake:3:  layout_rooms, basic_altar, minmay_shop_star
Snake:4:  snake_pit_salamanders_mu, layout_basic, nrook_guardian_serpent_double,
          uniq_aizul, uniq_nikola
Orc:1:    layout_diamond_mine, serial_shops, shop, mines1_david
Orc:2:    grunt_orc_cross, layout_diamond_mine, serial_shops,
          nicolae_shop_stone, mines2_david
Vaults:1: v_alt_pattern_4, v_misc_5, vaults_mumra_minichess,
          hangedman_vaults_nails, st_check, vaults_room_pools, v_misc_2,
          hangedman_vaults_maws, vaults_dpeg_cross, vaults_mumra_hexcomb,
          vaults_room_hallway, layout_vaults_omnibox
Vaults:2: v_misc_17, minmay_crypt_entry_simple_walls, ontoclasm_vaults_bender,
          v_misc_15, st_eye, nicolae_vaults_theta, grunt_vaults_hallway_short,
          nicolae_vaults_shelves_hall, vaults_room_hallway, grunt_vaults_funnel,
          hangedman_vaults_river_flow, grunt_vaults_hallway_short,
          nicolae_vaults_three_branches, nicolae_vaults_little_squares_4,
          layout_vaults_ring

Skill      XL: |  1  2  3  4  5  6  7  8  9 10 11 12 13 14 15 16 17 18 19 20 21 |
---------------+----------------------------------------------------------------+-----
Axes           | 3 4 5 7 8 9 10 11 12 13 14 15 16 17 18 | 18.4
Fighting       | 4 5 6 7 8 9 10 11 12 13 14 | 14.9
Dodging        | 1 3 4 5 6 7 8 9 10 11 | 11.8
Shields        | 4 6 7 8 9 11 12 13 14 15 | 15.0
Armour         | 4 5 6 7 8 9 10 11 12 13 14 | 14.1
Invocations    | 3 5 6 10 | 10.1
Spellcasting   | 1 3 4 7 |  7.0
Translocations | 2 4 5 6 7 8 9 10 | 10.0
Crossbows      | 3 5 6 7 9 |  9.7

Action                   |  1- 3 |  4- 6 |  7- 9 | 10-12 | 13-15 | 16-18 | 19-21 || total
-------------------------+-------+-------+-------+-------+-------+-------+-------++-------
Melee: War axe           |   106 |   124 |    60 |       |       |       |       ||   290
       Hand axe          |       |       |   243 |    16 |    13 |       |       ||   272
       Battleaxe         |       |       |   124 |   557 |   665 |  1010 |  1158 ||  3514
       Glaive            |       |       |       |     5 |     8 |       |       ||    13
 Fire: Hand crossbow     |       |       |       |       |       |    32 |    37 ||    69
       Arbalest          |       |       |       |       |       |       |    13 ||    13
 Cast: Apportation       |       |       |       |     1 |    14 |    11 |    57 ||    83
       Lesser Beckoning  |       |       |       |       |     5 |    50 |   134 ||   189
Invok: Slouch            |       |       |       |     1 |     1 |     4 |     2 ||     8
       Step From Time    |       |       |       |       |       |     1 |     1 ||     2
 Abil: Dig               |       |     4 |     5 |     8 |    22 |    19 |    14 ||    72
       Shaft Self        |       |       |       |       |       |       |     1 ||     1
Evoke: Wand              |       |       |     8 |     4 |       |       |       ||    12
       Sack of spiders   |       |       |       |       |       |     1 |       ||     1
       Lightning rod     |       |       |       |       |       |       |     1 ||     1
  Use: Potion            |     2 |     5 |       |     1 |     2 |     2 |       ||    12
       Scroll            |     2 |       |    13 |     7 |    12 |     7 |    10 ||    51
 Stab: Distracted        |       |       |       |     1 |       |       |       ||     1
  Eat: Chunk             |     1 |     4 |    15 |    15 |    20 |    13 |    20 ||    88
       Ration            |       |       |       |       |       |     3 |     1 ||     4
Armor: Scale mail        |    39 |    39 |       |       |       |       |       ||    78
       Plate armour      |       |    15 |   214 |   241 |   194 |    70 |       ||   734
       Chain mail        |       |       |       |       |       |    90 |   155 ||   245
Dodge: Dodged            |    25 |    35 |    90 |   191 |   219 |   287 |   263 ||  1110
       Deflected         |       |       |       |       |     6 |    29 |    26 ||    61
Block: Shield            |    46 |    66 |   179 |   389 |   440 |     8 |       ||  1128
       Large shield      |       |       |       |       |       |  1089 |  1232 ||  2321
       Reflection        |       |       |       |       |       |   125 |   147 ||   272

Table legend:
 A = Non-vault XP
 B = Vault XP
 C = Vault XP percentage of total XP
 D = Non-vault monster count
 E = Vault monster count
 F = Vault count percentage of total count
                 A         B        C        D         E       F
            +---------+---------+-------+---------+---------+-------
      Total |  246247 |  183549 |  42.7 |     882 |     418 |  32.2
            +---------+---------+-------+---------+---------+-------
        D:1 |      46 |       0 |   0.0 |      30 |       0 |   0.0
        D:2 |      66 |       0 |   0.0 |      27 |       0 |   0.0
        D:3 |     141 |     338 |  70.6 |      21 |      14 |  40.0
        D:4 |     631 |       0 |   0.0 |      23 |       0 |   0.0
        D:5 |    1222 |      32 |   2.6 |      41 |       1 |   2.4
        D:6 |     244 |       4 |   1.6 |       5 |       2 |  28.6
        D:7 |    1606 |       0 |   0.0 |      34 |       0 |   0.0
        D:8 |    2197 |     601 |  21.5 |      45 |       9 |  16.7
        D:9 |    1432 |     879 |  38.0 |      23 |      25 |  52.1
       D:10 |    3476 |    7008 |  66.8 |      26 |      31 |  54.4
       D:11 |    3411 |     476 |  12.2 |      27 |       4 |  12.9
       D:12 |    1852 |    2039 |  52.4 |      12 |       2 |  14.3
       D:13 |    3068 |    2626 |  46.1 |      15 |       4 |  21.1
       D:14 |   12661 |    5348 |  29.7 |      36 |      11 |  23.4
       D:15 |   20307 |    7634 |  27.3 |      47 |      12 |  20.3
     Lair:1 |    3620 |    1693 |  31.9 |      21 |       2 |   8.7
     Lair:2 |    4056 |    2587 |  38.9 |      19 |       4 |  17.4
     Lair:3 |    7036 |     205 |   2.8 |      18 |       1 |   5.3
     Lair:4 |    2864 |     397 |  12.2 |      13 |       1 |   7.1
     Lair:5 |    5286 |       0 |   0.0 |      21 |       0 |   0.0
     Lair:6 |   13594 |    2849 |  17.3 |      28 |       5 |  15.2
   Shoals:1 |   16027 |    7736 |  32.6 |      36 |      12 |  25.0
   Shoals:2 |   18355 |    3843 |  17.3 |      30 |       5 |  14.3
   Shoals:3 |   15676 |       0 |   0.0 |      35 |       0 |   0.0
   Shoals:4 |    4737 |   19912 |  80.8 |      12 |      32 |  72.7
    Snake:1 |    8622 |       0 |   0.0 |      15 |       0 |   0.0
    Snake:2 |   20394 |    1649 |   7.5 |      37 |       1 |   2.6
    Snake:3 |    7529 |    4480 |  37.3 |      12 |       3 |  20.0
    Snake:4 |   22964 |   54430 |  70.3 |      40 |      73 |  64.6
      Orc:1 |    5235 |       0 |   0.0 |      35 |       0 |   0.0
      Orc:2 |    5826 |    7401 |  56.0 |      54 |      44 |  44.9
   Vaults:1 |   11118 |   21065 |  65.5 |      10 |      28 |  73.7
   Vaults:2 |   20948 |   13812 |  39.7 |      34 |      21 |  38.2
      Sewer |       0 |     143 | 100.0 |       0 |       6 | 100.0
      IceCv |       0 |   10197 | 100.0 |       0 |      53 | 100.0
   Gauntlet |       0 |    4165 | 100.0 |       0 |      12 | 100.0
            +---------+---------+-------+---------+---------+-------
